 Dungeon Crawl Stone Soup version 0.31-a0-355-g57cb03d3e8 (webtiles) character file.

Game seed: 4149685640425259181

10177 hashsling the Cleaver (level 11, -4/106 HPs)
             Began as a Hill Orc Berserker on July 25, 2023.
             Was an Elder of Trog.
             Slain by a bog body (21 damage)
             ... on level 2 of the Lair of Beasts.
             The game lasted 00:27:55 (10353 turns).

hashsling the Cleaver (Hill Orc Berserker)         Turns: 10353, Time: 00:27:57

Health: -4/106     AC: 32    Str: 25    XL:     11   Next: 58%
Magic:  11/11      EV:  7    Int:  7    God:    Trog [****..]
Gold:   572        SH:  6    Dex: 10    Spells: 10/10 levels left

rFire   + . .        w - +0 war axe (protect)
rCold   . . .        M - +0 kite shield
rNeg    . . .        A - +0 plate armour
rPois   .            O - +1 hat
rElec   .            p - +0 cloak
rCorr   .            L - +2 pair of gloves
SInv    .            (no boots)
Will    ++...        (no amulet) Stlth
                     d - ring of protection from fire
HPRegen 1.37/turn    u - +4 ring of protection
MPRegen 0.12/turn

%: no passive effects
@: strong-willed, under a protective aura, on berserk cooldown, regenerating,
slowed, very slow
A: no striking features
a: Renounce Religion, Berserk, Trog's Hand, Brothers in Arms


You were on level 2 of the Lair of Beasts.
You worshipped Trog.
Trog was greatly pleased with you.
You visited 2 branches of the dungeon, and saw 11 of its levels.

You collected 620 gold pieces.
You spent 48 gold pieces at shops.

Inventory:

Hand Weapons
 w - a +0 war axe of protection (weapon)
 J - a +0 longbow
Missiles
 a - 2 throwing nets
 c - 6 curare-tipped darts
Armour
 h - a +0 helmet
 o - a +0 buckler
 p - a +0 cloak (worn)
 A - a +0 plate armour (worn)
 L - a +2 pair of gloves (worn)
 M - a +0 kite shield (worn)
 O - a +1 hat (worn)
 R - a +4 scale mail
Jewellery
 d - a ring of protection from fire (left hand)
 r - a ring of resist corrosion
 u - a +4 ring of protection (right hand)
 D - a ring of magical power
 I - a ring of willpower
Wands
 i - a wand of flame (45)
 s - a wand of quicksilver (27)
 F - a wand of polymorph (5)
 G - a wand of digging (5)
 N - a wand of paralysis (4)
Scrolls
 e - 3 scrolls of fear
 g - 5 scrolls of teleportation
 k - a scroll of enchant armour {unknown}
 l - 3 scrolls of revelation
 m - 2 scrolls of immolation
 t - 2 scrolls of brand weapon
 y - a scroll of torment {unknown}
 z - 2 scrolls of noise
 B - a scroll of vulnerability {unknown}
 K - a scroll of poison {unknown}
Potions
 b - 2 potions of curing {unknown}
 f - a potion of cancellation {unknown}
 j - 2 potions of ambrosia {unknown}
 n - 3 potions of lignification {unknown}
 q - 3 potions of might {unknown}
 v - 4 potions of mutation {unknown}
 x - a potion of haste {unknown}
 C - 3 potions of heal wounds {unknown}
 E - a potion of enlightenment {unknown}
 H - a potion of degeneration {unknown}
Miscellaneous
 P - a lightning rod (4/4) (quivered)
 Q - a phantom mirror


   Skills:
 + Level 12.9 Fighting
 + Level 13.7 Axes
 + Level 11.5 Armour
 - Level 2.0 Dodging


You had 10 spell levels left.
You didn't know any spells.
Your spell library contained the following spells:

 Spells                   Type           Power      Damage    Failure   Level
 Volatile Blastmotes      Fire/Tloc      0%         2d10      100%        3
 Fulminant Prism          Conj/Hex       0%         3d5       100%        4
 Iskenderun's Mystic Bla  Conj/Tloc      0%         2d3       100%        4


Dungeon Overview and Level Annotations

Branches:
Dungeon (9/15)             Temple (0/1) D:4            Lair (2/5) D:8
  Swamp: Lair:2-3    Shoals: Lair:2-3     Snake: Lair:2-3    Spider: Lair:2-3
    Orc: D:9-12

Altars:
Ashenzari
Elyvilon
Okawaru
Ru

Shops:
D:2 :   D:9 *


Message History

The bog body touches you but does no damage.
The basilisk bites you.
The cane toad stings you but does no damage.
You hit the cane toad.
The cane toad is severely wounded.
You hit the bog body but do no damage. You hit the basilisk but do no damage.
The bog body touches you but does no damage.
The cane toad stings you but does no damage.
The basilisk barely misses you.
The bog body touches you but does no damage.
You hit the cane toad but do no damage.
The cane toad is severely wounded.
You slash the basilisk! You barely miss the bog body.
You block the cane toad's attack.
The basilisk bites you but does no damage.
The bog body touches you but does no damage.
The cane toad closely misses you. The basilisk barely misses you.
You slash the cane toad!
The cane toad is almost dead.
You barely miss the basilisk. You hit the bog body but do no damage.
The cane toad stings you but does no damage.
The bog body barely misses you.
The basilisk bites you but does no damage.
The cane toad stings you but does no damage.
The bog body touches you. The bog body freezes you!!
You barely miss the cane toad.
The cane toad is almost dead.
You hit the bog body. You hit the basilisk but do no damage.
The basilisk bites you. You block the cane toad's attack.
You block the bog body's attack. The basilisk gazes at you.
You resist with almost no effort. The cane toad stings you!
* * * LOW HITPOINT WARNING * * *
You closely miss the cane toad.
The cane toad is almost dead.
You barely miss the bog body. You closely miss the basilisk.
The bog body touches you!
* * * LOW HITPOINT WARNING * * *
The bog body freezes you!!
You die...

..§~§§♣.# #..§~§..#
#...§...# ###.......
#.#.....# #......# #
###lnF..#
##.#.#.P.@.#.## .
..............# ##
P.####....P..# .# P..
##...##.# .####.P#
#....# # .......#
##...# .......## ##...#
........# ##....##
..##P...#####......####


You could see a bog body, a cane toad and a basilisk.

Vanquished Creatures
  Joseph (D:7)
  A black mamba (Lair:1)
  4 cane toads (Lair:1)
  A komodo dragon (Lair:1)
  2 rime drakes (Lair:1)
  A troll (D:9)
  3 blink frogs (Lair:1)
  Sigmund (D:6)
  9 yaks
  6 wyverns
  2 steam dragons
  2 basilisks
  Edmund (D:5)
  5 water moccasins
  An orc warrior (D:8)
  A sky beast (D:6)
  2 black bears
  An ogre (D:6)
  A centaur (D:9)
  2 phantoms
  3 kobold brigands
  11 bullfrogs
  3 gnoll sergeants
  2 scorpions (D:5)
  5 wights (D:8)
  5 killer bees (D:9)
  2 hounds
  2 jellies
  A gnoll bouda (D:8)
  3 orc priests (D:8)
  4 iguanas
  4 sleepcaps
  6 orc wizards
  18 gnolls
  12 adders
  A white imp (D:6)
  An ufetubus (D:5)
  3 worms
  5 dart slugs
  21 orcs
  6 ball pythons
  12 endoplasms
  2 giant cockroaches (D:2)
  7 goblins
  5 hobgoblins
  2 jackals (D:3)
  28 kobolds
  6 quokkas
  4 bats
  2 frilled lizards
  5 rats
238 creatures vanquished.

Notes
Turn   | Place    | Note
-------+----------+-------------------------------------------
     0 | D:1      | hashsling the Hill Orc Berserker began the quest for the
                  | Orb.
     0 | D:1      | Reached XP level 1. HP: 19/19 MP: 1/1
   157 | D:1      | Reached XP level 2. HP: 21/27 MP: 2/2
   756 | D:1      | Reached XP level 3. HP: 33/33 MP: 3/3
  1053 | D:2      | Reached XP level 4. HP: 29/41 MP: 4/4
  1275 | D:2      | Reached ** piety under Trog
  1333 | D:2      | Found Mupygep's Vocational Training.
  1490 | D:3      | Reached skill level 5 in Axes
  1892 | D:3      | Reached XP level 5. HP: 43/47 MP: 5/5
  2096 | D:4      | Reached skill level 5 in Fighting
  2132 | D:4      | Noticed a phantom
  2140 | D:4      | Killed a phantom
  2181 | D:4      | Reached XP level 6. HP: 56/56 MP: 6/6
  2182 | D:4      | Found a white marble altar of Elyvilon.
  2186 | D:4      | Found an iron altar of Okawaru.
  2210 | D:4      | Found a staircase to the Ecumenical Temple.
  2342 | D:4      | Reached skill level 6 in Axes
  2525 | D:4      | Noticed a black bear
  2532 | D:4      | Killed a black bear
  2533 | D:4      | Reached XP level 7. HP: 59/63 MP: 7/7
  2740 | D:4      | Reached *** piety under Trog
  2846 | D:5      | Entered Level 5 of the Dungeon
  2878 | D:5      | Reached skill level 5 in Armour
  3113 | D:5      | Noticed Edmund
  3119 | D:5      | Killed Edmund
  3120 | D:5      | Reached skill level 7 in Axes
  3562 | D:5      | Reached XP level 8. HP: 65/73 MP: 8/8
  4113 | D:6      | Reached skill level 8 in Axes
  4260 | D:6      | Noticed Sigmund
  4290 | D:6      | Killed Sigmund
  4346 | D:6      | Reached skill level 9 in Axes
  4347 | D:6      | Reached XP level 9. HP: 57/82 MP: 9/9
  4716 | D:6      | Reached **** piety under Trog
  4749 | D:6      | You fall into a shaft and drop 1 floor!
  4753 | D:7      | Noticed Joseph
  4777 | D:7      | Killed Joseph
  4782 | D:7      | Reached skill level 10 in Axes
  6178 | D:8      | Reached skill level 10 in Fighting
  6190 | D:8      | Found a staircase to the Lair.
  6228 | D:8      | Reached XP level 10. HP: 89/93 MP: 10/10
  6239 | D:8      | Reached skill level 11 in Axes
  6428 | D:8      | Found a broken altar of Ashenzari.
  7174 | D:9      | Found a sacrificial altar of Ru.
  7265 | D:9      | Reached skill level 12 in Axes
  7396 | D:9      | Reached skill level 10 in Armour
  7701 | D:9      | Found Teghiage's Assorted Antiques.
  7706 | D:9      | Bought a scroll of identify for 48 gold pieces
  8547 | Lair:1   | Entered Level 1 of the Lair of Beasts
  8553 | Lair:1   | Noticed a cane toad
  8557 | Lair:1   | Reached XP level 11. HP: 104/104 MP: 11/11
  8601 | Lair:1   | Identified the +0 barding of Susallit {rF- rN+++ Regen+}
  8618 | Lair:1   | Reached ***** piety under Trog
  8624 | Lair:1   | Reached skill level 13 in Axes
  9092 | Lair:1   | Found a dark tunnel.
 10335 | Lair:2   | Noticed a bog body
 10353 | Lair:2   | Slain by a bog body

Illustrated notes

Levels and vault maps discovered:
D:1:      dpeg_arrival_more_subterranean_lakeside_camping, layout_basic,
          hex_medium, minmay_hedge_maze
D:2:      minmay_angry_zag, layout_rooms, nicolae_shop_vocational
D:3:      layout_rooms, minmay_starry_boxes
D:4:      layout_basic, grunt_temple_overflow_open,
          minmay_temple_entry_statues_pillars, minmay_fractal_squares_gapless_5
D:5:      layout_layer_cave, uniq_edmund
D:6:      layout_layer_cave, grunt_decor_one_mirror, uniq_sigmund
D:7:      layout_basic, minmay_crystal_room, minmay_gold_behind_fungi,
          uniq_joseph
D:8:      layout_cave_pools, old_standard_altar, david_lair_generic
D:9:      layout_cave_pods, mainiacjoe_overflow_six_doors_small, serial_shops,
          nicolae_shop_getting_attention
Lair:1:   layout_cave_pods, lightli_volcano_entry_magma_tube
Lair:2:   layout_gridlike, skrybe_swamp_entry_bodies

Skill      XL: |  1  2  3  4  5  6  7  8  9 10 11 |
---------------+----------------------------------+-----
Fighting       | 4 5 6 7 8 10 11 12 | 12.9
Dodging        | 2 |  2.0
Armour         | 3 4 5 7 8 10 11 | 11.5
Axes           | 5 6 7 9 10 12 13 | 13.7

Action                     |  1- 3 |  4- 6 |  7- 9 | 10-12 || total
---------------------------+-------+-------+-------+-------++-------
  Melee: Hand axe          |    93 |   124 |       |       ||   217
         War axe           |       |    33 |   270 |   331 ||   634
 Invoke: Berserk           |       |     1 |     5 |     5 ||    11
         Trog's Hand       |       |       |     1 |     3 ||     4
    Use: Scroll            |       |       |     5 |     2 ||     7
 Armour: Robe              |     2 |       |       |       ||     2
         Chain mail        |    38 |   104 |     4 |       ||   146
         Plate armour      |       |       |   223 |   285 ||   508
  Dodge: Dodged            |    43 |    64 |    92 |   113 ||   312
  Block: Buckler           |    10 |    25 |    48 |    13 ||    96
         Kite shield       |       |       |       |    95 ||    95

Table legend: (Time is in decaauts)
 A = Elapsed time spent in this place.
 B = Non-inter-level travel time spent in this place.
 C = Inter-level travel time spent in this place.
 D = Time resting spent in this place.
 E = Time spent auto-exploring this place.
 F = Levels seen in this place.
 G = Mean time per level.
                   A        B        C        D        E       F      G
               +--------+--------+--------+--------+--------+-----+--------+
         Total |  10488 |   9861 |    627 |      0 |   7997 |  11 |  953.5 |
       Dungeon |   8674 |   8060 |    614 |      0 |   6523 |   9 |  963.8 |
          Lair |   1814 |   1802 |     12 |      0 |   1474 |   2 |  907.0 |
               +--------+--------+--------+--------+--------+-----+--------+

Top non-repeatable levels by time:
     D:6: 1660 daAuts
  Lair:1: 1538 daAuts
     D:9: 1417 daAuts
     D:5: 1318 daAuts
     D:4: 858 daAuts
     D:1: 850 daAuts
     D:8: 718 daAuts
     D:2: 678 daAuts
     D:3: 649 daAuts
     D:7: 523 daAuts
  Lair:2: 275 daAuts
